 Dungeon Crawl Stone Soup version 0.28.0-43-g3370ac3207 (webtiles) character file.

Game seed: 10032330211177644775

60 Ablot the Grasshopper (level 4, -1/38 HPs)
             Began as a Gnoll Warper on Mar 19, 2022.
             Succumbed to Robin's poison
             ... on level 2 of the Dungeon.
             The game lasted 00:02:03 (1162 turns).

Ablot the Grasshopper (Gnoll Warper)                Turns: 1162, Time: 00:02:03

Health: -1/38      AC:  3    Str: 13    XL:     4   Next: 4%
Magic:  11/11      EV: 16    Int: 12    God:
Gold:   41         SH:  0    Dex: 11    Spells: 11/13 levels left

rFire   . . .      SeeInvis .   a - +0 spear
rCold   . . .      Faith    .   (no shield)
rNeg    . . .      Spirit   .   b - +0 leather armour
rPois   .          Reflect  .   (no helmet)
rElec   .          Harm     .   (no cloak)
rCorr   .          Rampage  .   (no gloves)
Will    .....                   (no boots)
Stlth   +.........              (no amulet)
HPRegen 0.12/turn               h - +4 ring of evasion
MPRegen 0.12/turn               (no ring)

@: lethally poisoned (-1 -> -27)
A: fangs 1, strong nose, distributed training
a: no special abilities


You were on level 2 of the Dungeon.
You visited 1 branch of the dungeon, and saw 2 of its levels.

You collected 41 gold pieces.

Inventory:

Hand Weapons
 a - a +0 spear (weapon)
Missiles
 d - 5 boomerangs of dispersal (quivered)
 g - 61 stones
 p - 27 sling bullets
Armour
 b - a +0 leather armour (worn)
 i - a +0 buckler
Jewellery
 h - a +4 ring of evasion (left hand)
Scrolls
 c - a scroll of blinking
 e - 2 scrolls of identify {unknown}
 m - a scroll of silence {unknown}
 n - a scroll of magic mapping {unknown}
 r - a scroll of fog {unknown}
Potions
 f - a potion of attraction {unknown}
 j - a potion of magic {unknown}
 k - 2 potions of heal wounds {unknown}
 l - a potion of curing {unknown}
 o - a potion of flight {unknown}
 q - a potion of might {unknown}


   Skills:
 + Level 4.6 Fighting
 + Level 1.0 Short Blades
 + Level 1.0 Long Blades
 + Level 1.0 Axes
 + Level 1.0 Maces & Flails
 + Level 4.6 Polearms
 + Level 1.0 Staves
 + Level 1.0 Slings
 + Level 1.0 Bows
 + Level 1.0 Crossbows
 + Level 2.7 Throwing
 + Level 2.7 Armour
 + Level 4.6 Dodging
 + Level 1.0 Stealth
 + Level 1.0 Shields
 + Level 1.0 Unarmed Combat
 + Level 5.0 Spellcasting
 + Level 0.7 Conjurations
 + Level 0.7 Hexes
 + Level 0.7 Summonings
 + Level 0.7 Necromancy
 + Level 5.4 Translocations
 + Level 0.7 Transmutations
 + Level 0.7 Fire Magic
 + Level 0.7 Ice Magic
 + Level 0.7 Air Magic
 + Level 0.7 Earth Magic
 + Level 0.7 Poison Magic
 + Level 1.1 Invocations
 + Level 1.0 Evocations


You had 11 spell levels left.
You knew the following spells:

 Your Spells              Type           Power      Damage    Failure   Level
a - Blink                 Tloc           32%        N/A       4%          2

Your spell library contained the following spells:

 Spells                   Type           Power      Damage    Failure   Level
 Gell's Gravitas          Tloc           16%        N/A       9%          3
 Lesser Beckoning         Tloc           16%        N/A       9%          3
 Teleport Other           Tloc           16%        N/A       9%          3
 Manifold Assault         Tloc           16%        N/A       58%         5
 Summon Forest            Summ/Tloc      5%         N/A       89%         5
 Eringya's Noxious Bog    Tmut/Pois      2%         N/A       100%        6
 Summon Hydra             Summ           2%         N/A       100%        7


Dungeon Overview and Level Annotations

Branches:
Dungeon (2/15)

Altars:

Shops:
D:2 ([(

Annotations:
D:2 Robin


Innate Abilities, Weirdness & Mutations

You have very sharp teeth.
Your uncanny sense of smell can sniff out nearby items.
Your experience applies equally to all skills.


Message History

You feel sick.
Robin roars a battlecry!
You reach to attack!
You barely miss Robin.
Robin is lightly wounded.
You feel sick.
Robin hits you from afar with a +0 spear of venom.
You are more poisoned.
You reach to attack!
You hit Robin.
Robin is moderately wounded.
You feel sick.
Robin hits you from afar with a +0 spear of venom.
You are more poisoned.
You reach to attack!
You hit Robin.
Robin is moderately wounded.
You feel very sick.
Robin hits you from afar with a +0 spear of venom.
You are lethally poisoned!
You are too injured to fight recklessly!
You are too injured to fight recklessly!
You are too injured to fight recklessly!
You are too injured to fight recklessly!
Reach: a) +0 spear
Press: ? - help, Dir - move target, f/p - Robin
Aim: Robin, wielding a +0 spear of venom, wearing a +0 animal skin and wearing a +0 helmet (moderately wounded, about 30% to evade your +0 spear)
You reach to attack!
You hit Robin.
Robin is heavily wounded.
You feel very sick.
A hobgoblin comes into view.
Robin hits you from afar with a +0 spear of venom.
* * * LOW HITPOINT WARNING * * *
You are more poisoned.
Reach: a) +0 spear
Press: ? - help, Dir - move target, f/p - Robin
Aim: Robin, wielding a +0 spear of venom, wearing a +0 animal skin and wearing a +0 helmet (heavily wounded, about 30% to evade your +0 spear)
You reach to attack!
You barely miss Robin.
Robin is heavily wounded.
* * * LOW HITPOINT WARNING * * *
You feel very sick. Robin barely misses you.
You die...

... ### ... ..# #.# #.#
#.# #.# #†# #.# ##'## #
#=# ##)..## #.###.#
##.....## # # ##.#.#@#
##.......## #
#.#.gg...###........[####
#..........'........)'...
#.......####.........####
#.......# ##.......## #
#.......# ##.....##
##.....## ##...## ##....
##'## ####. #.#


You could see Robin and a hobgoblin (strong).

Vanquished Creatures
  An adder (D:2)
  3 dart slugs
  An orc (D:2)
  8 ball pythons
  3 bats
  4 endoplasms
  3 goblins
  4 hobgoblins
  A kobold (D:1)
  5 quokkas
  2 frilled lizards
  3 rats
38 creatures vanquished.

Notes
Turn   | Place    | Note
-------+----------+-------------------------------------------
     0 | D:1      | Ablot the Gnoll Warper began the quest for the Orb.
     0 | D:1      | Reached XP level 1. HP: 20/20 MP: 6/6
     0 | D:1      | Noticed an iron dragon
     1 | D:1      | Noticed a tentacled monstrosity
     3 | D:1      | Noticed a large abomination
     6 | D:1      | Noticed a large abomination
     7 | D:1      | Noticed a large abomination
     8 | D:1      | Noticed a black draconian
     9 | D:1      | Noticed an orb of fire
    11 | D:1      | Noticed a tentacled monstrosity
    13 | D:1      | Noticed a shadow dragon
    15 | D:1      | Noticed an iron dragon
    15 | D:1      | Noticed a tentacled monstrosity
    15 | D:1      | Noticed a tentacled monstrosity
    17 | D:1      | Noticed an ice dragon
    17 | D:1      | Noticed a shadow dragon
    19 | D:1      | Noticed an ice dragon
    21 | D:1      | Noticed an orb of fire
   133 | D:1      | Reached XP level 2. HP: 23/26 MP: 7/7
   136 | D:1      | Learned a level 2 spell: Blink
   442 | D:1      | Reached XP level 3. HP: 31/31 MP: 9/9
   451 | D:1      | Reached skill level 5 in Spellcasting
   689 | D:2      | Found a faded altar of an unknown god.
   721 | D:2      | Found Teodepog's Antique Weapon Emporium.
   733 | D:2      | Reached skill level 1 in Invocations
   810 | D:2      | Found Emexyat's Armour Boutique.
   960 | D:2      | Reached skill level 1 in Short Blades
   960 | D:2      | Reached skill level 1 in Long Blades
   960 | D:2      | Reached skill level 1 in Axes
   960 | D:2      | Reached skill level 1 in Maces & Flails
   960 | D:2      | Reached skill level 1 in Staves
   960 | D:2      | Reached skill level 1 in Slings
   960 | D:2      | Reached skill level 1 in Bows
   960 | D:2      | Reached skill level 1 in Crossbows
   960 | D:2      | Reached skill level 1 in Stealth
   960 | D:2      | Reached skill level 1 in Shields
   960 | D:2      | Reached skill level 1 in Unarmed Combat
   960 | D:2      | Reached skill level 1 in Evocations
  1002 | D:2      | Found Didiagh's Antique Weapon Shoppe.
  1127 | D:2      | Reached XP level 4. HP: 38/38 MP: 11/11
  1152 | D:2      | Noticed Robin
  1162 | D:2      | Succumbed to Robin's poison

Illustrated notes

Levels and vault maps discovered:
D:1:      shiori_arrival_whats_in_store_for_you, layout_rooms
D:2:      layout_loops_corners, serial_shops, nicolae_shop_overgrown_old_shop,
          nicolae_shop_stone, shop, ebering_ecumenical_altar_petrified,
          uniq_robin

Skill      XL: |  1  2  3 |
---------------+----------+-----
Spellcasting   | 5 |  5.0
Invocations    | 1 |  1.1
Short Blades   | 1 |  1.0
Long Blades    | 1 |  1.0
Axes           | 1 |  1.0
Maces & Flails | 1 |  1.0
Staves         | 1 |  1.0
Slings         | 1 |  1.0
Bows           | 1 |  1.0
Crossbows      | 1 |  1.0
Stealth        | 1 |  1.0
Shields        | 1 |  1.0
Unarmed Combat | 1 |  1.0
Evocations     | 1 |  1.0
Fighting       | |  4.6
Polearms       | |  4.6
Throwing       | |  2.7
Armour         | |  2.7
Dodging        | |  4.6
Conjurations   | |  0.7
Hexes          | |  0.7
Summonings     | |  0.7
Necromancy     | |  0.7
Translocations | |  5.4
Transmutations | |  0.7
Fire Magic     | |  0.7
Ice Magic      | |  0.7
Air Magic      | |  0.7
Earth Magic    | |  0.7
Poison Magic   | |  0.7

Action                   |  1- 3 |  4- 6 || total
-------------------------+-------+-------++-------
Melee: Spear             |   151 |    14 ||   165
       Bite              |    18 |     1 ||    19
       Punch             |     1 |       ||     1
 Stab: Sleeping          |     3 |       ||     3
Armor: Leather armour    |    16 |       ||    16
Dodge: Dodged            |    90 |     5 ||    95
